 Dungeon Crawl Stone Soup version 0.23.2-33-g5129a83184 (webtiles) character file.

Game seed: 15866691500032435470

15 Ivernyr the Magician (level 2, -1/20 HPs)
             Began as a Draconian Wizard on July 5, 2019.
             Slain by Terence
             ... wielding a +0 hand axe of flaming
              (7 damage)
             ... on level 2 of the Dungeon.
             The game lasted 00:02:59 (876 turns).

Ivernyr the Magician (Draconian Wizard)              Turns: 876, Time: 00:03:00

Health: -1/20      AC:  4    Str:  9    XL:     2   Next: 34%
Magic:  2/6        EV: 12    Int: 18    God:
Gold:   84         SH:  0    Dex:  9    Spells: 2/7 levels left

rFire    . . .     SeeInvis .   h - +0 mace
rCold    . . .     Gourm    .   (no shield)
rNeg     . . .     Faith    .   (armour unavailable)
rPois    .         Spirit   .   a - +0 hat
rElec    .         Reflect  .   (no cloak)
rCorr    .         Harm     .   (no gloves)
MR       .....                  (no boots)
Stlth    ++........             (no amulet)
HPRegen  0.06/turn              (no ring)
MPRegen  0.10/turn              (no ring)

@: no status effects
A: unfitting armour, cold-blooded, AC +4
a: no special abilities


You were on level 2 of the Dungeon.
You were not hungry.

You visited 1 branch of the dungeon, and saw 2 of its levels.

You collected 84 gold pieces.

Inventory:

Hand Weapons
 h - a +0 mace (weapon)
Armour
 a - a +0 hat (worn)
Wands
 l - a wand of iceblast (7)
Scrolls
 d - a scroll of identify {unknown}
 e - 2 scrolls of fog {unknown}
 g - a scroll of teleportation {unknown}
 i - 2 scrolls of remove curse {unknown}
 k - a scroll of immolation {unknown}
Potions
 b - a potion of cancellation {unknown}
 f - 2 potions of degeneration {unknown}
 j - 2 potions of agility {unknown}
Comestibles
 c - a ration


   Skills:
 + Level 0.2 Fighting
 - Level 2.0 Dodging
 - Level 1.7 Stealth
 + Level 3.1 Spellcasting
 * Level 1.8 Conjurations
 - Level 1.0 Summonings
 - Level 1.0 Translocations


You had 2 spell levels left.
You knew the following spells:

 Your Spells              Type           Power        Failure   Level  Hunger
a - Magic Dart            Conj           #...         8%          1    None
b - Blink                 Tloc           N/A          16%         2    ##.....
c - Call Imp              Summ           #.......     16%         2    ##.....

Your spell library contained the following spells:

 Spells                   Type           Power        Failure   Level  Hunger
 Slow                     Hex            #.......     24%         2    ##.....
 Conjure Flame            Conj/Fire      #.......     32%         3    ###....
 Mephitic Cloud           Conj/Pois/Air  #.......     36%         3    ###....


Dungeon Overview and Level Annotations

Branches:
Dungeon (2/15)

Altars:

Annotations:
D:2 Terence


Innate Abilities, Weirdness & Mutations

Your plain brown scales are hard. (AC +4)
You cannot fit into any form of body armour.
You are cold-blooded and may be slowed by cold attacks.


Message History

Terence closely misses your crimson imp.
Your crimson imp barely misses Terence.
Your shadow imp barely misses Terence.
Terence barely misses your shadow imp.
Terence closely misses your crimson imp.
Your crimson imp barely misses Terence.
Your shadow imp hits Terence but does no damage.
Terence hits your shadow imp with a +0 hand axe of flaming!
Terence burns your shadow imp.
Your shadow imp dies!
Terence barely misses your crimson imp.
Your crimson imp blinks!
Terence hits you with a +0 hand axe of flaming.
Terence burns you.
* * * LOW HITPOINT WARNING * * *
Terence hits your crimson imp with a +0 hand axe of flaming.
Your crimson imp hits Terence but does no damage.
You hit Terence.
Terence is severely wounded.
Terence hits you with a +0 hand axe of flaming!
You die...

$. ###. ... #
#.#######
##.#.......#
.....$...#.#
#.<.@.#.######
#...@........#
#..5.##.####.#
#.......# #.#
#.....#####
#.# #......
#.# #......
#<# #......
#.# #.......
#.#


You could see Terence and a friendly crimson imp.

Vanquished Creatures
  2 bats (D:1)
  A giant cockroach (D:1)
  4 hobgoblins (D:1)
  3 goblins (D:1)
  A kobold (D:1)
  2 rats (D:1)
13 creatures vanquished.

Notes
Turn   | Place    | Note
-------+----------+-------------------------------------------
     0 | D:1      | Ivernyr the Draconian Wizard began the quest for the Orb.
     0 | D:1      | Reached XP level 1. HP: 14/14 MP: 4/4
   502 | D:1      | Reached XP level 2. HP: 20/20 MP: 0/6
   506 | D:1      | Learned a level 2 spell: Blink
   509 | D:1      | Learned a level 2 spell: Call Imp
   860 | D:2      | Noticed Terence
   876 | D:2      | Slain by Terence

Skill      XL: |  1 |
---------------+----+-----
Dodging        | 2 |  2.0
Fighting       | |  0.2
Stealth        | |  1.7
Spellcasting   | |  3.1
Conjurations   | |  1.8
Summonings     | |  1.0
Translocations | |  1.0

Action                   || total
-------------------------++-------
Melee: Unarmed           ||    11
       Mace              ||    23
       Tailslap          ||     5
 Cast: Magic Dart        ||    20
       Call Imp          ||     2
 Stab: Sleeping          ||     1
Armor: Skin              ||    19
Dodge: Dodged            ||    34
